 Dungeon Crawl Stone Soup version 0.30.0-15-g856e2d3f33 (webtiles) character file.

Game seed: 16266454154005104897

23 CaptainMV the Twirler (level 2, 0/19 HPs)
             Began as a Demonspawn Wanderer on May 18, 2023.
             Slain by a goblin
             ... wielding a +0 club
              (4 damage)
             ... on level 2 of the Dungeon.
             The game lasted 00:08:17 (681 turns).

CaptainMV the Twirler (Demonspawn Wanderer)          Turns: 681, Time: 00:08:17

Health: 0/19       AC:  5    Str: 10    XL:     2   Next: 72%
Magic:  3/3        EV: 12    Int: 16    God:
Gold:   84         SH:  0    Dex: 11    Spells: 3/3 levels left

rFire   . . .        a - staff of poison
rCold   . . .        (no shield)
rNeg    . . .        b - +0 ring mail
rPois   +            (no helmet)
rElec   .            (no cloak)
rCorr   .            (no gloves)
SInv    .            (no boots)
Will    .....        (no amulet)
Stlth   +            (no ring)
HPRegen 0.23/turn    (no ring)
MPRegen 0.08/turn

%: no passive effects
@: no status effects
A: repulsion field 1
a: no special abilities


You were on level 2 of the Dungeon.
You visited 1 branch of the dungeon, and saw 2 of its levels.

You collected 84 gold pieces.

Inventory:

Hand Weapons
 h - a +2 quarterstaff
Missiles
 g - 2 boomerangs (quivered)
Armour
 b - a +0 ring mail (worn)
Magical Staves
 a - a staff of poison (weapon)
Jewellery
 f - an amulet of faith
Scrolls
 c - a scroll of fog
 e - a scroll of blinking
Potions
 d - 2 potions of might {unknown}
 i - a potion of haste {unknown}


   Skills:
 + Level 3.2 Staves
 + Level 3.0 Armour
 + Level 1.2 Dodging
 + Level 1.0 Stealth
 + Level 1.0 Spellcasting
 + Level 1.1 Necromancy


You had 3 spell levels left.
You didn't know any spells.
Your spell library contained the following spells:

 Spells                   Type           Power      Damage    Failure   Level
 Sublimation of Blood     Necr           4%         N/A       47%         2
 Cigotuvi's Dreadful Rot  Necr/Pois/Air  4%         N/A       58%         2


Dungeon Overview and Level Annotations

Branches:
Dungeon (2/15)

Altars:


Innate Abilities, Weirdness & Mutations

You are surrounded by a mild repulsion field. (EV +2)


Message History

The frilled lizard barely misses you.
You see here a dark potion.
You hit the frilled lizard.
You kill the frilled lizard!
i - a dark potion A goblin comes into view.
It is wielding a +0 club.
Found a yellow potion.
The goblin hits you with a +0 club.
You hit the goblin.
The goblin is moderately wounded.
The goblin barely misses you.
You closely miss the goblin.
The goblin is moderately wounded.
The goblin closely misses you.
You hit the goblin but do no damage.
The goblin is moderately wounded.
The goblin misses you.
You hit the goblin.
The goblin is moderately wounded.
The goblin hits you with a +0 club.
You miss the goblin. The goblin hits you with a +0 club.
You hit the goblin but do no damage. The goblin hits you with a +0 club.
You barely miss the goblin. The goblin hits you but does no damage.
You miss the goblin. The goblin hits you but does no damage.
You barely miss the goblin. The goblin completely misses you.
You hit the goblin.
The goblin is moderately wounded.
The goblin hits you with a +0 club.
You closely miss the goblin.
The goblin is moderately wounded.
The goblin hits you with a +0 club.
* * * LOW HITPOINT WARNING * * *
You closely miss the goblin.
The goblin is moderately wounded.
The goblin hits you with a +0 club.
* * * LOW HITPOINT WARNING * * *
You closely miss the goblin.
The goblin is moderately wounded.
The goblin hits you with a +0 club.
You die...

.. #####......##.#
# # #......#
#.########......#
#...............#
#...............#
................#
...................
!................##
...#####@......#.#
. #g......#.#
#.......# #
#.......# #.......+
#.......# #.......+
#.......#


You could see a goblin.

Vanquished Creatures
  2 endoplasms
  6 goblins (D:1)
  A hobgoblin (D:1)
  2 ball pythons (D:1)
  2 bats (D:1)
  A frilled lizard (D:2)
  4 kobolds
  5 rats
23 creatures vanquished.

Notes
Turn   | Place    | Note
-------+----------+-------------------------------------------
     0 | D:1      | CaptainMV the Demonspawn Wanderer began the quest for the
                  | Orb.
     0 | D:1      | CaptainMV set off with the following items: a +2
                  | quarterstaff, a +0 ring mail, a scroll of fog; and the
                  | following spells available to memorise: Sublimation of
                  | Blood, Cigotuvi's Dreadful Rot.
     0 | D:1      | Reached XP level 1. HP: 13/13 MP: 2/2
   230 | D:1      | Gained mutation: You are surrounded by a mild repulsion
                  | field. (EV +2) [demonic ancestry]
   230 | D:1      | Reached XP level 2. HP: 13/19 MP: 3/3
   545 | D:1      | Found a faded altar of an unknown god.
   681 | D:2      | Slain by a goblin

Illustrated notes

Levels and vault maps discovered:
D:1:      amcnicky_arrival_single_pillar, layout_basic,
          ebering_ecumenical_altar_hall
D:2:      layout_basic

Skill      XL: |  1  2 |
---------------+-------+-----
Staves         | 3 |  3.2
Armour         | 3 |  3.0
Dodging        | |  1.2
Stealth        | |  1.0
Spellcasting   | |  1.0
Necromancy     | |  1.1

Action                     || total
---------------------------++-------
  Melee: Quarterstaff      ||    45
         Staff             ||    28
    Use: Scroll            ||     1
 Armour: Ring mail         ||    28
  Dodge: Dodged            ||    31
